 Dungeon Crawl Stone Soup version 0.28.0-45-g0d030f2227 (webtiles) character file.

Game seed: 12400532189643730714

67 Saba the Sneak (level 3, -1/16 HPs)
             Began as a Spriggan Enchanter on Apr 4, 2022.
             Frozen to death by an endoplasm (5 damage)
             ... on level 2 of the Dungeon.
             The game lasted 00:03:41 (2057 turns).

Saba the Sneak (Spriggan Enchanter)                 Turns: 2057, Time: 00:03:42

Health: -1/16      AC:  2    Str:  4    XL:     3   Next: 98%
Magic:  8/8        EV: 18    Int: 18    God:
Gold:   68         SH:  0    Dex: 21    Spells: 8/8 levels left

rFire   . . .      SeeInvis +   i - +0 dagger (venom)
rCold   . . .      Faith    .   (no shield)
rNeg    . . .      Spirit   .   b - +0 robe
rPois   .          Reflect  .   (helmet restricted)
rElec   .          Harm     .   (no cloak)
rCorr   .          Rampage  .   (gloves unavailable)
Will    .....                   (boots unavailable)
Stlth   ++++......              (no amulet)
HPRegen 0.05/turn               d - +6 ring of dexterity
MPRegen 0.11/turn               (no ring)

@: very quick
A: very small, no large weapons, unfitting armour, see invisible, speed 3
a: no special abilities


You were on level 2 of the Dungeon.
You visited 1 branch of the dungeon, and saw 2 of its levels.

You collected 68 gold pieces.

Inventory:

Hand Weapons
 a - a +1 dagger
 i - a +0 dagger of venom (weapon)
 k - a +0 quarterstaff
Armour
 b - a +0 robe (worn)
Jewellery
 d - a +6 ring of dexterity (left hand)
Scrolls
 h - a scroll of teleportation {unknown}
Potions
 f - 2 potions of haste
 j - a potion of cancellation {unknown}


   Skills:
 + Level 2.5 Short Blades
 - Level 2.6 Dodging
 * Level 6.4 Stealth
 - Level 3.0 Spellcasting
 - Level 3.6 Hexes


You had 8 spell levels left.
You didn't know any spells.
Your spell library contained the following spells:

 Spells                   Type           Power      Damage    Failure   Level
 Confusing Touch          Hex            15%        N/A       11%         3
 Tukima's Dance           Hex            15%        N/A       11%         3
 Ensorcelled Hibernation  Hex/Ice        18%        N/A       12%         2
 Dazzling Flash           Conj/Hex       18%        N/A       24%         3


Dungeon Overview and Level Annotations

Branches:
Dungeon (2/15)

Altars:


Innate Abilities, Weirdness & Mutations

You are very small and have problems with some larger weapons.
You are too small for most types of armour.
You have supernaturally acute eyesight. (SInv)
You cover ground extremely quickly. (Speed+++)


Message History

No target in view!
No target in view!
No target in view!
The goblin shouts!
A goblin comes into view. It is wielding a +0 club.
You barely miss the hobgoblin.
A ball python comes into view.
The hobgoblin barely misses you.
You closely miss the hobgoblin. The hobgoblin misses you.
The ball python hisses angrily.
The endoplasm quivers.
You hit the hobgoblin.
The hobgoblin is poisoned.
The hobgoblin is heavily wounded.
The hobgoblin hits you. The goblin completely misses you.
You kill the hobgoblin!
The goblin hits you with a +0 club.
You hit the goblin but do no damage.
The goblin is poisoned.
The goblin hits you with a +0 club.
You hit the goblin.
The goblin looks even sicker.
The goblin is moderately wounded.
The goblin misses you.
You hit the goblin.
The goblin looks as sick as possible!
The goblin is heavily wounded.
The goblin closely misses you.
You closely miss the goblin.
The goblin is severely wounded.
You kill the goblin!
You hit the endoplasm but do no damage. The endoplasm freezes you.
You are frozen.
You hit the endoplasm but do no damage. The endoplasm freezes you.
You are frozen.
* * * LOW HITPOINT WARNING * * *
You hit the endoplasm but do no damage.
The endoplasm is poisoned.
A giant cockroach comes into view.
The endoplasm freezes you.
You are frozen.
You die...

#. #.J #. ...#... #
#.####..##.... #
#.............. . #
............#.## .###
#.....B...#..... ...
#.........#..... #..
#######S........####..
#.###.†..@Jg..#...#.##....
##....>#######.............
#..............###.#.###.##
#...######.#......## ........
#............................
# #######.#########......###
###### #.# ###..........
#....# #.# ###.†...#.#....
#....# #.# #...# .#.#....


You could see an endoplasm (very poisoned), a giant cockroach (wandering), a
goblin and a ball python.

Vanquished Creatures
  3 adders (D:2)
  A worm (D:2)
  2 dart slugs (D:2)
  5 ball pythons
  5 endoplasms
  A giant cockroach (D:2)
  2 goblins
  5 hobgoblins
  A kobold (D:2)
  2 bats
  3 frilled lizards
  A rat (D:1)
31 creatures vanquished.

Notes
Turn   | Place    | Note
-------+----------+-------------------------------------------
     0 | D:1      | Saba the Spriggan Enchanter began the quest for the Orb.
     0 | D:1      | Reached XP level 1. HP: 9/9 MP: 5/5
   520 | D:1      | Reached XP level 2. HP: 13/13 MP: 7/7
   890 | D:1      | Reached skill level 5 in Stealth
  1325 | D:2      | Reached XP level 3. HP: 2/16 MP: 8/8
  1821 | D:2      | Reached skill level 6 in Stealth
  2057 | D:2      | Frozen to death by an endoplasm

Illustrated notes

Levels and vault maps discovered:
D:1:      dpeg_arrival_snail, layout_loops_ring, chequers_hall_statues_corner_a,
          minmay_misc_feat_secret_circle
D:2:      layout_rooms, chequers_ecumenical_altar_simple, minmay_hexomino_p4,
          uniq_crazy_yiuf_cottage, uniq_sigmund

Skill      XL: |  1  2  3 |
---------------+----------+-----
Spellcasting   | 3 |  3.0
Stealth        | 5 6 |  6.4
Short Blades   | 2 |  2.5
Dodging        | |  2.6
Hexes          | |  3.6

Action                   || total
-------------------------++-------
Melee: Dagger            ||   105
       Punch             ||     1
  Use: Scroll            ||     2
       Potion            ||     1
 Stab: Sleeping          ||     9
       Invisible         ||     1
Armor: Robe              ||     5
Dodge: Dodged            ||    73
